 Dungeon Sprint DCSS version 0.27-a0-1431-gcffa5a9b16 (webtiles) character file.

Game seed: 17302507617119025768

43882 mhtbhm the Shatterer (level 13, -1/147 HPs)
             Began as a Minotaur Chaos Knight on July 2, 2021.
             Was a Plaything of Xom.
             Killed by divine providence
             ... invoked by Saint Roka
              (13 damage)
             ... in the Dungeon (Sprint IX: "|||||||||||||||||||||||||||||").
             The game lasted 00:08:55 (6681 turns).

mhtbhm the Shatterer (Minotaur Chaos Knight)        Turns: 6681, Time: 00:08:56

Health: -1/147     AC: 31    Str: 21    XL:     13   Next: 93%
Magic:  4/4        EV:  7    Int:  9    God:    Xom [...*..]
Gold:   376        SH: 19    Dex:  9    Spells: 12/12 levels left

rFire    . . .     SeeInvis .   a - +5 demon whip "Spellbinder" {antimagic, Will+}
rCold    . . .     Faith    .   w - +1 tower shield
rNeg     . . .     Spirit   .   b - +0 crystal plate armour
rPois    +         Reflect  .   (helmet restricted)
rElec    .         Harm     .   t - +0 cloak
rCorr    .         Rampage  .   l - +0 pair of gloves
Will     +....     NoTele   +   (no boots)
Stlth    ..........             (no amulet)
HPRegen  0.34/turn              u - ring of poison resistance
MPRegen  0.09/turn              n - +2 ring of evasion

@: mighty
A: horns 2, retaliatory headbutt, talons 1, clumsy 1, deterioration 1, high mp 1
a: Renounce Religion


You were in the Dungeon.
You worshipped Xom.
You were a favourite toy of Xom.
You visited 1 branch You collected 1917 gold pieces.
You spent 1541 gold pieces at shops.

Inventory:

Hand Weapons
 a - the +5 demon whip "Spellbinder" (weapon) {antimagic, Will+}
   (You bought it in a shop in the Dungeon)

   It reduces the magical energy of the wielder, and disrupts the spells and
   magical abilities of those hit.
   Natural abilities and divine invocations are not affected.
   Will:      It increases your willpower.
Armour
 b - a +0 crystal plate armour (worn)
 l - a +0 pair of gloves (worn)
 t - a +0 cloak (worn)
 w - a +1 tower shield (worn)
Jewellery
 i - a ring of willpower
 k - a ring of see invisible
 n - a +2 ring of evasion (right hand)
 u - a ring of poison resistance (left hand)
 v - a ring of willpower
Scrolls
 h - 2 scrolls of blinking
 j - 2 scrolls of amnesia
 q - 5 scrolls of identify
 r - 2 scrolls of enchant armour
 s - a scroll of magic mapping
 x - a scroll of fog
 y - a scroll of fear
Potions
 c - 3 potions of curing
 e - 2 potions of haste
 f - 4 potions of magic
 g - a potion of resistance
 m - 2 potions of mutation
 p - a potion of brilliance


   Skills:
 + Level 22.8 Fighting
 + Level 23.0 Maces & Flails
 + Level 21.6 Armour
 + Level 6.4 Dodging
 + Level 7.2 Stealth
 + Level 13.0 Shields
 + Level 4.8 Evocations


You had 12 spell levels left.
You didn't know any spells.
Your spell library was empty.

Dungeon Overview and Level Annotations

Branches:
Dungeon (1/1)

Altars:
Cheibriados
Dithmenos
Elyvilon
Fedhas
Gozag
Hepliaklqana
Kikubaaqudgha
Makhleb
Nemelex Xobeh
Okawaru
Qazlal
Ru
Sif Muna
Trog
Uskayaw
Vehumet
Wu Jian
Xom
Yredelemnul
Zin
The Shining One
Beogh
Jiyva
Lugonu

Shops:
D [![(

Annotations:
D Saint Roka


Innate Abilities, Weirdness & Mutations

You have a pair of horns on your head.
You reflexively headbutt those who attack you in melee.
You have sharp toenails.
You are clumsy. (Dex -2)
Your body sometimes deteriorates upon taking damage.
You have an increased reservoir of magic. (+10% MP)


Message History

You block Saint Roka's attack.
You feel very mighty all of a sudden.
The orc no longer looks unusually strong.
The orc warrior hits you from afar with a +0 halberd!
You block Saint Roka's attack.
You whack Saint Roka! You claw Saint Roka, but do no damage.
You headbutt Saint Roka.
Saint Roka is heavily wounded.
You block the orc warrior's attack.
Saint Roka calls down the wrath of Beogh upon you.
Beogh smites you!
You whack Saint Roka!
Saint Roka is heavily wounded.
The orc warrior hits you but does no damage.
Saint Roka calls down the wrath of Beogh upon you.
Beogh smites you!
You punish Saint Roka, causing immense pain!!!
Your kick misses Saint Roka.
Saint Roka is heavily wounded.
You block the orc warrior's attack.
You whack Saint Roka!
Saint Roka is severely wounded.
Saint Roka calls down the wrath of Beogh upon you.
Beogh smites you!
* * * LOW HITPOINT WARNING * * *
You thrash Saint Roka!! You claw Saint Roka!
Saint Roka is almost dead.
You block the orc warrior's attack.
Saint Roka invokes the aid of Beogh against you.
Beogh smites you!
* * * LOW HITPOINT WARNING * * *
Your crystal plate armour prevents you from hitting Saint Roka.
You claw Saint Roka, but do no damage.
Saint Roka is severely wounded.
The orc warrior hits you from afar with a +0 halberd!
* * * LOW HITPOINT WARNING * * *
Saint Roka invokes the aid of Beogh against you.
Beogh smites you!
You die...
Xom is highly amused!

∆ ∆∆∆∆∆∆ ∆∆∆∆∆∆ ∆∆∆∆∆∆∆
▓▓▓▓▓▓▓▓▓▓▓▓▓▓▓▓▓▓▓▓▓▓▓▓
...oooo@55..............
♣♣♣♣♣♣♣♣▓▓▓▓▓▓▓▓▓▓▓▓▓▓▓▓▓▓▓▓▓▓▓▓▓
....)...)(()))....')........'....
♣♣♣♣♣♣♣♣▓▓▓▓▓▓▓▓▓▓▓▓▓▓▓▓▓▓▓▓▓▓▓▓▓
......._..._......__.............
▓▓▓▓▓▓▓▓▓▓▓▓▓▓▓▓▓▓▓▓▓▓▓▓▓▓▓▓▓▓▓▓▓
[[=[[..........)).([)..........'.
▓▓▓▓▓▓▓▓▓▓▓▓▓▓▓▓▓▓▓▓▓▓▓▓▓▓▓▓▓▓▓▓▓
.................................


You could see Saint Roka (ally target), an orc warrior (strong), 2 orcs and 2
friendly white imps.

Vanquished Creatures
  Kirke (D)
  A fenstrider witch (D)
  A nagaraja (D)
  2 stone giants (D)
  A bunyip (D)
  A spark wasp (D)
  A fire dragon (D)
  A merfolk impaler (D)
  A great orb of eyes (D)
  8 hydras (D)
  An ice dragon (D)
  2 naga warriors (D)
  2 rakshasas (D)
  A ghost crab (D)
  An anaconda (D)
  3 centaur warriors (D)
  A death knight (D)
  A tengu warrior (D)
  2 naga sharpshooters (D)
  4 orc high priests (D)
  A salamander mystic (D)
  A sea snake (D)
  13 orc knights (D)
  A deep elf pyromancer (D)
  An orb spider (D)
  A wolf spider (D)
  A manticore (D)
  3 cyclopes (D)
  A merfolk siren (D)
  3 black mambas (D)
  A cane toad (D)
  A komodo dragon (D)
  A merfolk (D)
  A jumping spider (D)
  2 tyrant leeches (D)
  A slime creature (D)
  A troll (D)
  A snapping turtle (D)
  2 blink frogs (D)
  A redback (D)
  A tarantella (D)
  A wyvern (D)
  2 yaks (D)
  Eustachio (D)
  2 hogs (D)
  A vampire mosquito (D)
  An acid dragon (D)
  5 water moccasins (D)
  7 orc warriors (D)
  2 centaurs (D)
  A wolf (D)
  A kobold brigand (D)
  6 bullfrogs (D)
  4 orc priests (D)
  A gnoll shaman (D)
  An iguana (D)
  An adder (D)
  An adder zombie (D)
  An adder skeleton (D)
  9 orcs (D)
  An endoplasm (D)
  A goblin (D)
  A jackal (D)
  A kobold (D)
  A ball python (D)
  A ball python zombie (D)
129 creatures vanquished.

Vanquished Creatures (collateral kills)
  An orc knight (D)
  4 orc warriors (D)
5 creatures vanquished.

Vanquished Creatures (others)
  A thorn hunter (D)
  A ghost moth (D)
  A hydra (D)
  A dancing weapon (D)
  An ugly thing (D)
  2 will-o-the-wisps (D)
  A hornet (D)
  2 redbacks (D)
  A spriggan (D)
  3 humans (D)
  A foxfire (D)
15 creatures vanquished.

Grand Total: 149 creatures vanquished

Notes
Turn   | Place    | Note
-------+----------+-------------------------------------------
     0 | D        | mhtbhm the Minotaur Chaos Knight began the quest for the
                  | Orb.
     0 | D        | Reached XP level 1. HP: 19/19 MP: 0/0
     8 | D        | Reached skill level 4 in Maces & Flails
    18 | D        | Noticed a gnoll shaman
    18 | D        | Noticed an iguana
    22 | D        | Reached skill level 5 in Fighting
    22 | D        | Reached XP level 2. HP: 27/29 MP: 1/1
    23 | D        | Reached skill level 5 in Maces & Flails
    25 | D        | Reached skill level 6 in Maces & Flails
    25 | D        | Reached XP level 3. HP: 35/38 MP: 2/2
    34 | D        | Reached skill level 7 in Maces & Flails
    34 | D        | Reached XP level 4. HP: 4/47 MP: 3/3
   323 | D        | Found a snail-covered altar of Cheibriados.
   323 | D        | Found a shadowy altar of Dithmenos.
   323 | D        | Found a white marble altar of Elyvilon.
   323 | D        | Found a blossoming altar of Fedhas.
   323 | D        | Found an opulent altar of Gozag.
   324 | D        | Found a hazy altar of Hepliaklqana.
   325 | D        | Found a viscous altar of Jiyva.
   326 | D        | Found an ancient bone altar of Kikubaaqudgha.
   327 | D        | Found a corrupted altar of Lugonu.
   328 | D        | Found a burning altar of Makhleb.
   329 | D        | Found a sparkling altar of Nemelex Xobeh.
   330 | D        | Found an iron altar of Okawaru.
   331 | D        | Found a stormy altar of Qazlal.
   332 | D        | Found a sacrificial altar of Ru.
   333 | D        | Found a shimmering blue altar of Sif Muna.
   334 | D        | Found a bloodstained altar of Trog.
   335 | D        | Found a hide-covered altar of Uskayaw.
   336 | D        | Found a radiant altar of Vehumet.
   337 | D        | Found an ornate altar of the Wu Jian Council.
   338 | D        | Found a shimmering altar of Xom.
   339 | D        | Found a basalt altar of Yredelemnul.
   340 | D        | Found a glowing silver altar of Zin.
   341 | D        | Found a glowing golden altar of the Shining One.
   398 | D        | Noticed an acid dragon
   398 | D        | Noticed a centaur
   398 | D        | Noticed a centaur
   398 | D        | Noticed a wyvern
   398 | D        | Noticed a kobold brigand
   400 | D        | Killed a centaur
   400 | D        | Killed a centaur
   401 | D        | Reached skill level 10 in Maces & Flails
   401 | D        | Reached skill level 5 in Armour
   401 | D        | Reached XP level 5. HP: 58/58 MP: 4/4
   404 | D        | Killed an acid dragon
   405 | D        | Reached skill level 10 in Fighting
   405 | D        | Reached skill level 11 in Maces & Flails
   405 | D        | Reached skill level 1 in Stealth
   405 | D        | Reached XP level 6. HP: 58/67 MP: 5/5
   406 | D        | Killed a wyvern
   407 | D        | Reached skill level 12 in Maces & Flails
   407 | D        | Reached skill level 1 in Evocations
   412 | D        | Reached XP level 7. HP: 61/75 MP: 6/6
   538 | D        | Noticed a centaur warrior
   538 | D        | Noticed a troll
   538 | D        | Noticed a cyclops
   538 | D        | Noticed a slime creature
   538 | D        | Noticed a centaur warrior
   538 | D        | Noticed a cyclops
   541 | D        | XOM: silly message
   543 | D        | XOM: cast spell 'Summon Small Mammal'
   544 | D        | Killed a centaur warrior
   545 | D        | Reached skill level 14 in Maces & Flails
   545 | D        | Reached XP level 8. HP: 86/86 MP: 7/7
   545 | D        | Killed a troll
   548 | D        | Killed a cyclops
   549 | D        | Reached skill level 15 in Maces & Flails
   552 | D        | Killed a slime creature
   553 | D        | Reached XP level 9. HP: 95/95 MP: 8/8
   556 | D        | Killed a centaur warrior
   557 | D        | Reached skill level 16 in Maces & Flails
   560 | D        | Killed a cyclops
   561 | D        | Reached skill level 15 in Fighting
   561 | D        | Reached skill level 5 in Dodging
   756 | D        | Noticed a cane toad
   756 | D        | Noticed a komodo dragon
   757 | D        | Noticed a seven-headed hydra
   761 | D        | XOM: noise
   764 | D        | Killed a cane toad
   765 | D        | Reached skill level 17 in Maces & Flails
   765 | D        | Reached skill level 10 in Armour
   772 | D        | Noticed a black mamba
   776 | D        | Killed a komodo dragon
   780 | D        | Killed a seven-headed hydra
   781 | D        | Reached skill level 18 in Maces & Flails
   781 | D        | Reached XP level 10. HP: 30/107 MP: 9/9
   793 | D        | Killed a black mamba
   948 | D        | XOM: noise
  1139 | D        | Noticed a seven-headed hydra
  1141 | D        | XOM: potion effect (curing)
  1141 | D        | Noticed a five-headed hydra
  1144 | D        | Noticed an eight-headed hydra
  1153 | D        | Killed a seven-headed hydra
  1153 | D        | XOM: potion effect (curing)
  1158 | D        | Killed a five-headed hydra
  1159 | D        | Reached skill level 19 in Maces & Flails
  1163 | D        | Killed an eight-headed hydra
  1478 | D        | XOM: noise
  1509 | D        | Reached XP level 11. HP: 117/117 MP: 10/10
  1512 | D        | XOM: potion effect (berserk rage)
  1663 | D        | XOM: divination: detect items
  1710 | D        | Noticed a stone giant
  1714 | D        | Noticed an orc knight
  1720 | D        | Killed a stone giant
  1720 | D        | XOM: potion effect (heal wounds)
  1721 | D        | Reached skill level 20 in Maces & Flails
  1746 | D        | XOM: noise
  1753 | D        | XOM: chaos upgrade
  1773 | D        | XOM: chaos cloud
  1775 | D        | XOM: summons 3 hostile shadow creatures
  1829 | D        | Killed an orc knight
  1861 | D        | XOM: give mutations
  1861 | D        | Gained mutation: You are clumsy. (Dex -2) [Xom's mischief]
  1861 | D        | Gained mutation: You have a pair of large horns on your
                  | head. [Xom's mischief]
  2291 | D        | Noticed an orc knight
  2295 | D        | XOM: summons friendly iron imp
  2305 | D        | Killed an orc knight
  2315 | D        | Reached skill level 15 in Armour
  2477 | D        | Noticed an orc knight
  2482 | D        | Noticed an orc knight
  2488 | D        | XOM: smoke on damage
  2489 | D        | XOM: enchant monster (good)
  2495 | D        | XOM: scenery: 1 doors close
  2496 | D        | XOM: butterfly on damage
  2501 | D        | Killed an orc knight
  2515 | D        | Killed an orc knight
  2904 | D        | Found Adiacs's Armour Emporium.
  2904 | D        | Noticed an orc knight
  2904 | D        | Noticed an orc high priest
  2904 | D        | Noticed an orc knight
  2904 | D        | Noticed an orc knight
  2904 | D        | Noticed an orc high priest
  2905 | D        | Noticed an orc knight
  2906 | D        | XOM: destruction
  2914 | D        | Killed an orc knight
  2916 | D        | Noticed a soul eater
  2916 | D        | XOM: divination: detect items
  2920 | D        | Killed an orc high priest
  2929 | D        | HP: 3/121 [orc knight/bolt (6)]
  3279 | D        | XOM: give mutations
  3279 | D        | Lost mutation: You have a pair of large horns on your head.
                  | [Xom's mischief]
  3279 | D        | Gained mutation: You have an increased reservoir of magic.
                  | (+10% MP) [Xom's mischief]
  3279 | D        | Gained mutation: Your body sometimes deteriorates upon
                  | taking damage. [Xom's mischief]
  3279 | D        | Gained mutation: Your mind is acute. (Int +2) [Xom's
                  | mischief]
  3340 | D        | Killed an orc knight
  3358 | D        | XOM: scenery: create altars
  3388 | D        | XOM: summons 3 friendly demons
  3411 | D        | Killed an orc knight
  3617 | D        | Killed an orc high priest
  3694 | D        | Noticed an orc knight
  3700 | D        | Killed an orc knight
  3706 | D        | XOM: butterfly on damage
  3710 | D        | Killed an orc knight
  3711 | D        | Reached XP level 12. HP: 32/130 MP: 12/12
  4017 | D        | XOM: god gift: scroll of blinking
  4024 | D        | XOM: scenery: 1 doors close
  4031 | D        | Noticed an orc high priest
  4037 | D        | Lost mutation: Your mind is acute. (Int +2) [a neqoxec]
  4041 | D        | Killed an orc high priest
  4042 | D        | Reached skill level 21 in Maces & Flails
  4049 | D        | XOM: give mutation
  4049 | D        | Gained mutation: You have sharp toenails. [Xom's grace]
  4055 | D        | Reached skill level 5 in Stealth
  4060 | D        | Noticed an orc high priest
  4061 | D        | XOM: potion effect (haste)
  4062 | D        | XOM: summons 4 friendly demons
  4064 | D        | Found Laitugab's Distillery.
  4075 | D        | Killed an orc high priest
  4078 | D        | Found Niathij's Armour Emporium.
  4082 | D        | Found Wenuggiu's Antique Weapon Shoppe.
  4125 | D        | Bought the +5 demon whip "Spellbinder" {antimagic, Will+}
                  | for 1486 gold pieces
  4125 | D        | Found the +5 demon whip "Spellbinder" {antimagic, Will+}
  4130 | D        | Bought a potion of heal wounds for 55 gold pieces
  4437 | D        | Noticed a tengu warrior
  4437 | D        | Noticed a six-headed hydra
  4437 | D        | Noticed a four-headed hydra
  4437 | D        | Noticed a centaur warrior
  4446 | D        | Noticed a stone giant
  4449 | D        | Killed a tengu warrior
  4450 | D        | XOM: confuse monster(s)
  4453 | D        | XOM: summons 2 friendly demons
  4456 | D        | Killed a six-headed hydra
  4456 | D        | Killed a four-headed hydra
  4457 | D        | Reached skill level 1 in Shields
  4457 | D        | XOM: cast spell 'Shadow Creatures'
  4458 | D        | Noticed a death knight
  4459 | D        | Noticed a fire dragon
  4462 | D        | Killed a stone giant
  4463 | D        | Noticed a rakshasa
  4464 | D        | XOM: summons 1 friendly demon
  4464 | D        | Noticed an ice dragon
  4466 | D        | Killed a centaur warrior
  4469 | D        | XOM: polymorph quasit -> iron imp
  4469 | D        | Noticed a rakshasa
  4473 | D        | Killed a death knight
  4473 | D        | Noticed a rakshasa
  4478 | D        | Noticed a stone giant
  4481 | D        | Killed a fire dragon
  4763 | D        | XOM: silly message
  4772 | D        | Killed an ice dragon
  5000 | D        | Killed a rakshasa
  5024 | D        | Noticed a stone giant
  5026 | D        | XOM: chaos upgrade
  5027 | D        | Killed a rakshasa
  5031 | D        | Noticed a fenstrider witch
  5031 | D        | a stone giant changed into a fenstrider witch
  5031 | D        | XOM: polymorph stone giant -> fenstrider witch
  5036 | D        | Killed a fenstrider witch
  5037 | D        | Reached skill level 5 in Shields
  5037 | D        | Reached XP level 13. HP: 125/141 MP: 4/13
  5207 | D        | Noticed Kirke
  5210 | D        | XOM: enchant monster (good)
  5218 | D        | XOM: confuse monster(s)
  5219 | D        | Killed Kirke
  5227 | D        | Noticed Eustachio
  5235 | D        | Killed Eustachio
  5259 | D        | XOM: scenery: create altars
  5272 | D        | Noticed a spark wasp
  5283 | D        | XOM: scenery: 1 doors close
  5295 | D        | Killed a spark wasp
  5296 | D        | Reached skill level 22 in Maces & Flails
  5303 | D        | XOM: divine lightning
  5312 | D        | Killed a ghost moth
  5333 | D        | XOM: stat loss: -1 Int (8/9)
  5471 | D        | Noticed a bunyip
  5472 | D        | XOM: noise
  5474 | D        | Noticed a thorn hunter
  5474 | D        | a shambling mangrove changed into a thorn hunter
  5474 | D        | XOM: polymorph shambling mangrove -> thorn hunter
  5480 | D        | XOM: enchant monster (bad)
  5487 | D        | Killed a thorn hunter
  5487 | D        | XOM: divine lightning
  5490 | D        | XOM: swap monsters
  5497 | D        | Killed a bunyip
  5499 | D        | XOM: blink monster(s)
  5674 | D        | XOM: stat loss: -1 Dex (8/9)
  5772 | D        | Noticed a merfolk impaler
  5776 | D        | Reached skill level 10 in Shields
  5786 | D        | XOM: snakes to sticks
  5787 | D        | XOM: cast spell 'Monstrous Menagerie'
  5807 | D        | Killed a merfolk impaler
  5970 | D        | XOM: cast spell 'Chain of Chaos'
  5975 | D        | Noticed a nagaraja
  6235 | D        | XOM: scenery: create altars
  6405 | D        | XOM: confuse monster(s)
  6506 | D        | Killed a nagaraja
  6583 | D        | XOM: silly message
  6584 | D        | XOM: chaos upgrade
  6594 | D        | Reached skill level 23 in Maces & Flails
  6654 | D        | Noticed Saint Roka
  6654 | D        | XOM: summons 2 friendly demons
  6667 | D        | XOM: enchant monster (good)
  6681 | D        | Killed from afar by Saint Roka

Illustrated notes

Levels and vault maps discovered:
D:        linesprint [early_d, line_temple, items_1, d_10, items_2, lair_1,
          lair_end, items_3, orc_1, orc_end, items_4, d_15, swamp_1, shoals_1,
          snake_1, spider_1, d_20, vaults_1, items_5, swamp_end, shoals_end,
          snake_end, spider_end, vaults_end, d_27, items_6, zot_1, zot_end,
          crypt_end, forest_end, elf_end, slime_end, tomb_end, abyss_end,
          pan_hell_end]

Skill      XL: |  1  2  3  4  5  6  7  8  9 10 11 12 13 |
---------------+----------------------------------------+-----
Fighting       | 5 6 7 9 10 11 13 14 16 17 19 20 22 | 22.8
Maces & Flails | 4 6 7 10 11 12 14 15 18 19 20 21 23 | 23.0
Armour         | 3 5 6 8 9 10 12 17 20 21 | 21.6
Dodging        | 2 3 4 5 6 |  6.4
Stealth        | 1 2 3 4 6 7 |  7.2
Evocations     | 1 2 3 4 |  4.8
Shields        | 5 13 | 13.0

Action                   |  1- 3 |  4- 6 |  7- 9 | 10-12 | 13-15 || total
-------------------------+-------+-------+-------+-------+-------++-------
Melee: Mace              |    21 |       |       |       |       ||    21
       Headbutt          |     4 |     4 |     4 |    64 |    50 ||   126
       Morningstar       |       |     9 |    39 |   247 |       ||   295
       Demon whip        |       |       |       |    74 |   213 ||   287
       Kick              |       |       |       |    32 |    74 ||   106
Evoke: Wand              |       |     3 |     1 |     6 |       ||    10
  Use: Potion            |       |       |     2 |     9 |     3 ||    14
       Scroll            |       |       |       |     2 |     1 ||     3
 Stab: Invisible         |       |       |       |     2 |       ||     2
       Confused          |       |       |       |     1 |     4 ||     5
Armor: Leather armour    |     6 |       |       |       |       ||     6
       Ring mail         |       |     3 |    10 |       |       ||    13
       Crystal plate arm |       |       |    12 |   150 |    97 ||   259
Dodge: Dodged            |    10 |     6 |    13 |    68 |    26 ||   123
Block: Tower shield      |       |       |       |    37 |   141 ||   178

Table legend: (Time is in decaauts)
 A = Elapsed time spent in this place.
 B = Non-inter-level travel time spent in this place.
 C = Inter-level travel time spent in this place.
 D = Time resting spent in this place.
 E = Time spent auto-exploring this place.
 F = Levels seen in this place.
 G = Mean time per level.
                   A        B        C        D        E       F      G
               +--------+--------+--------+--------+--------+-----+--------+
         Total |   6527 |   6527 |      0 |   3585 |   1155 |   1 | 6527.0 |
       Dungeon |   6527 |   6527 |      0 |   3585 |   1155 |   1 | 6527.0 |
               +--------+--------+--------+--------+--------+-----+--------+

Top non-repeatable levels by time:
       D: 6527 daAuts
